 Dungeon Sprint DCSS version 0.30.0-17-ge0270778cf (webtiles) character file.

Game seed: 7605532907636042643

14597 boopmooplesden the Phalangite (level 11, -2/126 HPs)
             Began as a Minotaur Berserker on May 22, 2023.
             Was the Champion of Trog.
             Slain by a sun demon (4 damage)
             ... summoned by an orc high priest
             ... in the Dungeon (Sprint IX: "|||||||||||||||||||||||||||||").
             The game lasted 00:03:52 (1753 turns).

boopmooplesden the Phalangite (Minotaur Berserker)  Turns: 1753, Time: 00:03:53

Health: -2/126     AC: 22    Str: 27    XL:     11   Next: 90%
Magic:  10/10      EV: 15    Int:  4    God:    Trog [******]
Gold:   1287       SH:  0    Dex:  9    Spells: 10/10 levels left

rFire   . . .        z - +9 sword of Power {lifebolt}
rCold   . . .        (shield currently unavailable)
rNeg    . . .        n - +0 plate armour
rPois   .            (helmet restricted)
rElec   .            l - +0 cloak
rCorr   .            m - +0 pair of gloves
SInv    .            x - +0 pair of boots
Will    .....        (no amulet) Stlth
                     o - +2 ring of evasion
HPRegen 0.41/turn    p - +2 ring of evasion
MPRegen 0.12/turn

%: no teleportation
@: on berserk cooldown, slowed, very slow
A: horns 2, retaliatory headbutt
a: Renounce Religion, Berserk, Trog's Hand, Brothers in Arms


You were in the Dungeon.
You worshipped Trog.
Trog was exalted by your worship.
You visited 1 branch You collected 1287 gold pieces.

Inventory:

Hand Weapons
 a - a +0 spear
 k - a +2 halberd of protection
 v - a +2 heavy glaive
 w - a +6 antimagic bardiche
 y - a +3 demon trident
 z - the +9 sword of Power (weapon) {lifebolt}
   (Trog gifted it to you in the Dungeon)
 A - a +3 bardiche
Armour
 b - a +0 animal skin
 l - a +0 cloak (worn)
 m - a +0 pair of gloves (worn)
 n - a +0 plate armour (worn)
 x - a +0 pair of boots (worn)
Jewellery
 o - a +2 ring of evasion (left hand)
 p - a +2 ring of evasion (right hand)
 r - a ring of protection from fire
Wands
 j - a wand of iceblast (10)
Scrolls
 h - 2 scrolls of blinking
 s - 2 scrolls of identify
 t - 2 scrolls of fog
 u - a scroll of fear
Potions
 c - 5 potions of curing
 d - 3 potions of heal wounds
 e - 2 potions of haste
 f - 4 potions of magic
 g - 2 potions of berserk rage
 i - a potion of invisibility
 q - a potion of might


   Skills:
 + Level 20.7 Fighting
 + Level 6.4 Long Blades
 + Level 21.3 Polearms
 + Level 15.8 Armour
 + Level 11.1 Dodging


You had 10 spell levels left.
You didn't know any spells.
Your spell library was empty.

Dungeon Overview and Level Annotations

Branches:
Dungeon (1/1)

Altars:
Cheibriados
Dithmenos
Elyvilon
Fedhas
Gozag
Hepliaklqana
Kikubaaqudgha
Makhleb
Nemelex Xobeh
Okawaru
Qazlal
Ru
Sif Muna
Trog
Uskayaw
Vehumet
Wu Jian
Xom
Yredelemnul
Zin
The Shining One
Jiyva
Lugonu

Shops:
D [


Innate Abilities, Weirdness & Mutations

You have a pair of horns on your head.
You reflexively headbutt those who attack you in melee.


Message History

Beogh smites you!
* * * LOW HITPOINT WARNING * * *
You feel much better.
The orc high priest hits you with a +0 scimitar!
* * * LOW HITPOINT WARNING * * *
The sun demon closely misses you. You furiously retaliate!
You headbutt the sun demon!
You feel much better. The sun demon misses you. You furiously retaliate!
You headbutt the sun demon!
The orc high priest calls down the wrath of Beogh upon you.
Beogh smites you!
* * * LOW HITPOINT WARNING * * *
The sun demon hits you but does no damage.
The orc high priest hits you but does no damage.
The orc high priest mumbles some strange prayers to Beogh.
You hit the orc high priest.
You headbutt the orc high priest, but do no damage.
The orc high priest is moderately wounded.
The sun demon hits you.
* * * LOW HITPOINT WARNING * * *
You are engulfed in flames!
* * * LOW HITPOINT WARNING * * *
The orc high priest hits you but does no damage.
The sun demon hits you.
* * * LOW HITPOINT WARNING * * *
You are engulfed in flames!
* * * LOW HITPOINT WARNING * * *
The orc high priest mumbles some strange prayers to Beogh.
The orc high priest barely misses you. You furiously retaliate!
You headbutt the orc high priest!
The sun demon hits you but does no damage.
Unknown command.
Unknown command.
Unknown command.
Unknown command.
Unknown command.
You barely miss the orc high priest.
The orc high priest is severely wounded.
The sun demon hits you.
You die...

▓.▓.▓.▓.▓
▓.▓.▓.▓.▓.▓
▓.▓.▓.▓.▓3▓
▓.▓.▓.▓.▓o▓
▓)▓.▓.▓.▓o▓
▓?▓.▓.▓.▓4▓
▓.▓.▓÷▓.▓o▓
▓'▓.▓÷▓.▓o▓
▓_▓.▓.▓.▓@▓
▓_▓.▓.▓.▓3▓
▓_▓.▓.▓.▓.▓
▓_▓.▓.▓.▓.▓
▓_▓.▓.▓.▓.▓
▓_▓.▓.▓.▓.▓
▓_▓.▓.▓.▓.▓
▓_▓.▓.▓.▓)▓
▓_▓.▓.▓.▓)▓


You could see 2 orc high priests, a sun demon (summoned), a neqoxec (summoned),
a chaos spawn (summoned) and 2 orcs.

Vanquished Creatures
  Erolcha (D)
  A catoblepas (D)
  2 two-headed ogres (D)
  3 death yaks (D)
  A tengu warrior (D)
  An orc high priest (D)
  2 skysharks (D)
  3 orc knights (D)
  An ugly thing (D)
  An elephant (D)
  A gargoyle (D)
  3 cane toads (D)
  A rime drake (D)
  A polar bear (D)
  A blink frog (D)
  A shadow (D)
  6 yaks (D)
  4 water moccasins (D)
  12 orc warriors (D)
  An ogre (D)
  A wolf (D)
  3 bullfrogs (D)
  A killer bee (D)
  2 orc priests (D)
  An iguana (D)
  4 orc wizards (D)
  2 adders (D)
  A dart slug (D)
  8 orcs (D)
  A ball python (D)
  An endoplasm (D)
  A giant cockroach (D)
  A goblin (D)
74 creatures vanquished.

Vanquished Creatures (collateral kills)
  A centaur warrior (D)
  A tengu warrior (D)
2 creatures vanquished.

Vanquished Creatures (others)
  A deep elf pyromancer (D)
  A yak (D)
2 creatures vanquished.

Grand Total: 78 creatures vanquished

Notes
Turn   | Place    | Note
-------+----------+-------------------------------------------
     0 | D        | boopmooplesden the Minotaur Berserker began the quest for
                  | the Orb.
     0 | D        | Reached XP level 1. HP: 19/19 MP: 0/0
     5 | D        | Reached skill level 4 in Polearms
     7 | D        | Reached ** piety under Trog
    12 | D        | Reached XP level 2. HP: 28/28 MP: 1/1
    16 | D        | Noticed an ogre
    16 | D        | Noticed a water moccasin
    18 | D        | Reached skill level 5 in Fighting
    18 | D        | Reached skill level 5 in Polearms
    22 | D        | Killed a water moccasin
    22 | D        | Reached *** piety under Trog
    23 | D        | Reached skill level 7 in Polearms
    23 | D        | Reached XP level 3. HP: 40/40 MP: 2/2
    23 | D        | Reached XP level 4. HP: 48/48 MP: 3/3
    24 | D        | Killed an ogre
    25 | D        | Reached skill level 9 in Polearms
    25 | D        | Reached skill level 5 in Dodging
    25 | D        | Reached XP level 5. HP: 57/57 MP: 4/4
    27 | D        | Reached skill level 5 in Armour
    95 | D        | Found a snail-covered altar of Cheibriados.
    95 | D        | Found a shadowy altar of Dithmenos.
    95 | D        | Found a white marble altar of Elyvilon.
    95 | D        | Found a blossoming altar of Fedhas.
    95 | D        | Found an opulent altar of Gozag.
    96 | D        | Found a hazy altar of Hepliaklqana.
    97 | D        | Found a viscous altar of Jiyva.
    98 | D        | Found an ancient bone altar of Kikubaaqudgha.
    99 | D        | Found a corrupted altar of Lugonu.
   100 | D        | Found a burning altar of Makhleb.
   101 | D        | Found a sparkling altar of Nemelex Xobeh.
   102 | D        | Found an iron altar of Okawaru.
   103 | D        | Found a stormy altar of Qazlal.
   104 | D        | Found a sacrificial altar of Ru.
   105 | D        | Found a shimmering blue altar of Sif Muna.
   106 | D        | Found a bloodstained altar of Trog.
   107 | D        | Found a hide-covered altar of Uskayaw.
   108 | D        | Found a radiant altar of Vehumet.
   109 | D        | Found an ornate altar of the Wu Jian Council.
   110 | D        | Found a shimmering altar of Xom.
   111 | D        | Found a basalt altar of Yredelemnul.
   112 | D        | Found a glowing silver altar of Zin.
   113 | D        | Found a glowing golden altar of the Shining One.
   264 | D        | Noticed a yak
   264 | D        | Noticed a shadow
   264 | D        | Noticed a two-headed ogre
   264 | D        | Noticed a gargoyle
   268 | D        | Reached **** piety under Trog
   269 | D        | Reached skill level 10 in Fighting
   269 | D        | Reached XP level 6. HP: 66/66 MP: 5/5
   272 | D        | Killed a gargoyle
   273 | D        | Reached skill level 11 in Polearms
   273 | D        | Reached XP level 7. HP: 75/75 MP: 6/6
   278 | D        | Killed a two-headed ogre
   279 | D        | Reached skill level 13 in Polearms
   279 | D        | Reached XP level 8. HP: 80/88 MP: 7/7
   284 | D        | Reached ***** piety under Trog
   287 | D        | Reached skill level 14 in Polearms
   484 | D        | Noticed a centaur warrior
   484 | D        | Noticed a deep elf pyromancer
   484 | D        | Noticed a tengu warrior
   484 | D        | Noticed a brown ugly thing
   484 | D        | Noticed a tengu warrior
   484 | D        | Noticed a two-headed ogre
   487 | D        | Killed a two-headed ogre
   488 | D        | Reached skill level 15 in Fighting
   488 | D        | Reached skill level 15 in Polearms
   488 | D        | Reached XP level 9. HP: 97/97 MP: 8/8
   494 | D        | Killed a tengu warrior
   503 | D        | Killed a brown ugly thing
   504 | D        | Reached skill level 16 in Polearms
   504 | D        | Reached skill level 10 in Armour
   521 | D        | Killed a centaur warrior
   524 | D        | Killed a tengu warrior
   524 | D        | Killed a deep elf pyromancer
   525 | D        | Reached skill level 17 in Polearms
   525 | D        | Reached skill level 10 in Dodging
   525 | D        | Reached XP level 10. HP: 64/111 MP: 9/9
   709 | D        | Noticed a cane toad
   709 | D        | Noticed a cane toad
   720 | D        | Received a gift from Trog
   724 | D        | Killed a cane toad
   726 | D        | Killed a cane toad
   740 | D        | Received a gift from Trog
   881 | D        | Noticed an elephant
   881 | D        | Noticed a skyshark
   885 | D        | Reached skill level 18 in Polearms
   887 | D        | Killed a skyshark
   889 | D        | Noticed a skyshark
   891 | D        | Killed an elephant
   891 | D        | Noticed a cane toad
   897 | D        | Killed a skyshark
   897 | D        | Reached ****** piety under Trog
   898 | D        | Reached skill level 19 in Polearms
   898 | D        | Reached XP level 11. HP: 121/121 MP: 10/10
  1144 | D        | Noticed a death yak
  1144 | D        | Noticed a catoblepas
  1144 | D        | Noticed a death yak
  1149 | D        | Killed a death yak
  1155 | D        | Noticed a death yak
  1161 | D        | Killed a catoblepas
  1172 | D        | Killed a death yak
  1172 | D        | Received a gift from Trog
  1176 | D        | Killed a death yak
  1177 | D        | Reached skill level 20 in Polearms
  1448 | D        | Noticed Erolcha
  1456 | D        | Killed Erolcha
  1457 | D        | Reached skill level 15 in Armour
  1504 | D        | Received a gift from Trog
  1504 | D        | Found the +9 sword of Power {lifebolt}
  1517 | D        | Received a gift from Trog
  1570 | D        | Noticed an orc knight
  1576 | D        | Noticed an orc high priest
  1579 | D        | Killed an orc knight
  1579 | D        | Received a gift from Trog
  1580 | D        | Reached skill level 1 in Long Blades
  1585 | D        | Reached skill level 21 in Polearms
  1591 | D        | Killed an orc high priest
  1595 | D        | Received a gift from Trog
  1732 | D        | Found Hucuicyf's Antique Armour Boutique.
  1732 | D        | Noticed an orc high priest
  1732 | D        | Noticed an orc knight
  1732 | D        | Noticed an orc knight
  1737 | D        | Killed an orc knight
  1738 | D        | Reached skill level 5 in Long Blades
  1739 | D        | Killed an orc knight
  1740 | D        | Noticed a sun demon
  1746 | D        | Noticed an orc high priest
  1749 | D        | HP: 3/126 [orc high priest/divine providence (13)]
  1750 | D        | Noticed a sun demon
  1752 | D        | HP: 1/126 [sun demon[an orc high priest] (16)]
  1753 | D        | Slain by a sun demon

Illustrated notes

Levels and vault maps discovered:
D:        linesprint [early_d, line_temple, items_1, d_10, items_2, lair_1,
          lair_end, items_3, orc_1, orc_end, items_4, d_15, swamp_1, shoals_1,
          snake_1, spider_1, d_20, vaults_1, items_5, swamp_end, shoals_end,
          snake_end, spider_end, vaults_end, d_27, items_6, zot_1, zot_end,
          crypt_end, forest_end, elf_end, slime_end, tomb_end, abyss_end,
          pan_hell_end]

Skill      XL: |  1  2  3  4  5  6  7  8  9 10 11 |
---------------+----------------------------------+-----
Fighting       | 4 8 9 10 11 13 15 17 18 20 | 20.7
Polearms       | 4 7 9 11 13 15 17 19 21 | 21.3
Armour         | 4 5 6 7 8 11 13 15 | 15.8
Dodging        | 4 5 6 7 8 10 11 | 11.1
Long Blades    | 6 |  6.4

Action                     |  1- 3 |  4- 6 |  7- 9 | 10-12 || total
---------------------------+-------+-------+-------+-------++-------
  Melee: Spear             |    10 |     5 |       |       ||    15
         Headbutt          |     2 |     2 |    11 |    25 ||    40
         Halberd           |       |     7 |    42 |    29 ||    78
         Glaive            |       |       |       |    37 ||    37
         Great sword       |       |       |       |    41 ||    41
         Bardiche          |       |       |       |    19 ||    19
 Invoke: Berserk           |     1 |     1 |     1 |     6 ||     9
         Trog's Hand       |       |       |     1 |       ||     1
         Brothers in Arms  |       |       |     1 |       ||     1
    Use: Potion            |       |       |     2 |     2 ||     4
         Scroll            |       |       |     1 |       ||     1
 Armour: Plate armour      |       |     1 |    40 |    46 ||    87
  Dodge: Dodged            |     7 |     7 |    32 |    62 ||   108
